 Dungeon Crawl Stone Soup version 0.16.2-12-gd0ad4c3 (webtiles) character file.

797 Peloso the Covered (level 7, -4/62 HPs)
             Began as a Minotaur Fighter on Sept 23, 2015.
             Killed by divine providence
             ... invoked by an orc priest
              (11 damage)
             ... on level 5 of the Dungeon on Sept 24, 2015.
             The game lasted 00:17:28 (3753 turns).

Peloso the Covered (Minotaur Fighter)               Turns: 3753, Time: 00:17:28

Health: -4/62      AC: 10    Str: 23    XL:     7   Next: 58%
Magic:  3/3        EV:  7    Int:  5    God:
Gold:   225        SH: 10    Dex:  9    Spells: 0 memorised, 6 levels left

rFire  . . .     SeeInvis .     a - +0 long sword
rCold  . . .     Clarity  .     e - +0 chain mail
rNeg   . . .     SustAb   .     c - +0 shield
rPois  .         Gourm    .     (helmet restricted)
rElec  .         Spirit   .     (no cloak)
rCorr  .         Warding  .     (no gloves)
rMut   .         Stasis   .     (no boots)
MR     .....                    (no amulet)
Stlth  ..........               (no ring)
                                (no ring)

@: not resistant to hostile enchantments, extremely unstealthy
A: retaliatory headbutt, horns 2
a: no special abilities


You were on level 5 of the Dungeon.
You were hungry.

You visited 2 branches of the dungeon, and saw 7 of its levels.

You collected 225 gold pieces.

Inventory:

Hand weapons
 a - a +0 long sword (weapon)
 i - a +0 hand axe of chopping
Armour
 b - a +0 scale mail
 c - a +0 shield (worn)
 e - a +0 chain mail (worn)
Jewellery
 v - an uncursed ring of invisibility {unknown}
Magical devices
 h - a wand of fireball (4)
 q - a wand of frost (30)
Scrolls
 k - 3 scrolls of remove curse
 l - 2 scrolls of amnesia
 m - 2 scrolls of teleportation
 o - 2 scrolls of recharging {unknown}
 r - a scroll of fear {unknown}
 s - 2 scrolls of fog {unknown}
 t - 2 scrolls of identify
Potions
 f - a potion of degeneration {unknown}
 n - 2 potions of restore abilities {unknown}
 p - a potion of curing
 u - a potion of ambrosia {unknown}
Books
 w - a book of Ice

   Spells                             Type                      Level
   a - Ice Form                       Ice/Transmutation            4
   b - Metabolic Englaciation         Hexes/Ice                    5
   c - Ozocubu's Refrigeration        Ice                          6
   d - Bolt of Cold                   Conjuration/Ice              6
   e - Freezing Cloud                 Conjuration/Ice/Air          6
   f - Simulacrum                     Ice/Necromancy               6
Comestibles
 d - 3 bread rations
 g - a meat ration
 j - a royal jelly


   Skills:
 + Level 5.7 Fighting
 + Level 4.7 Long Blades
 + Level 6.4 Armour
 + Level 3.3 Dodging
 + Level 0.8 Stealth
 + Level 5.8 Shields


You had 6 spell levels left.
You didn't know any spells.

Dungeon Overview and Level Annotations

Branches:
Dungeon (6/15)             Temple (1/1) D:5

Altars:
Ashenzari
Cheibriados
Fedhas
Gozag
Makhleb
Nemelex Xobeh
Qazlal
Sif Muna
Trog
Vehumet
Xom
The Shining One

Annotations:
D:4 1 runed door


Innate Abilities, Weirdness & Mutations

You reflexively headbutt those who attack you in melee.
You have a pair of horns on your head.


Message History

You hit the orc priest but do no damage.
You headbutt the orc priest, but do no damage.
You block the orc priest's attack.
The orc wizard casts a spell.
The orc wizard seems to speed up.
You block the giant cockroach's attack.
An orc comes into view. It is wielding a flail.
Unknown command.
You hit the orc priest but do no damage.
You block the orc priest's attack.
The giant cockroach bites you but does no damage.
The orc priest mumbles some strange prayers to Beogh against you.
Something smites you!
* * * LOW HITPOINT WARNING * * *
The giant cockroach bites you but does no damage.
You block the orc priest's attack.
Your chain mail prevents you from hitting the orc priest.
You block the giant cockroach's attack.
The orc priest mumbles some strange prayers to Beogh against you.
Something smites you!
You die...

#.).# #.### #.#># #....
######### #.#######.###
#.......###.# ........
#...........# #####..#
#...........# #..#
######..##..# ....#
#...#..#+## #. #.#
#@#.#.....###.##.#
#os..............#
..o.o.oo#.#!....###.###.
.####.o.$#....... #.
......#.####.. #.
.......#.. . .....
........... .....
.#......### ..###
#.#.#.. ##


You could see 2 orc priests, an orc wizard, an orc and a giant cockroach.

Vanquished Creatures
  The ghost of Peloso the Shield-Bearer, an average MiFi of Okawaru (D:3)
  A phantom (D:5)
  A giant frog (D:5)
  A scorpion (D:4)
  A crimson imp (D:5)
  2 iguanas
  A hound (D:4)
  An orc priest (D:5)
  An orc wizard (D:5)
  A killer bee zombie (D:5)
  Ijyb (D:3)
  Terence (D:2)
  A worker ant zombie (D:5)
  6 adders
  4 gnolls (D:3)
  2 giant mites
  2 worms (D:2)
  An adder skeleton (D:5)
  4 giant geckos
  An ooze (D:1)
  4 orcs
  7 ball pythons (D:2)
  4 giant cockroaches
  7 goblins
  7 hobgoblins
  10 jackals
  11 kobolds
  8 bats
  2 giant newts
  7 rats
  2 ballistomycetes (D:4)
103 creatures vanquished.

Vanquished Creatures (others)
  A giant spore (D:4)
1 creature vanquished.

Grand Total: 104 creatures vanquished

Notes
Turn   | Place    | Note
--------------------------------------------------------------
     0 | D:1      | Peloso, the Minotaur Fighter, began the quest for the Orb.
     0 | D:1      | Reached XP level 1. HP: 19/19 MP: 1/1
   276 | D:1      | Reached XP level 2. HP: 25/27 MP: 1/1
   426 | D:1      | Reached skill level 4 in Armour
   801 | D:2      | Noticed Terence
   809 | D:2      | Killed Terence
   809 | D:2      | Reached XP level 3. HP: 26/33 MP: 2/2
  1215 | D:2      | Reached XP level 4. HP: 39/41 MP: 2/2
  1379 | D:2      | Reached skill level 1 in Dodging
  1473 | D:3      | Noticed Peloso's ghost (average MiFi)
  1977 | D:3      | Killed Peloso's ghost
  1977 | D:3      | Reached skill level 5 in Armour
  1977 | D:3      | Reached XP level 5. HP: 9/47 MP: 2/2
  2120 | D:3      | Noticed Ijyb
  2129 | D:3      | Reached skill level 5 in Fighting
  2129 | D:3      | Reached XP level 6. HP: 30/56 MP: 3/3
  2140 | D:3      | Killed Ijyb
  2146 | D:3      | HP: 1/56 [gnoll/whip (4)]
  2589 | D:3      | Found a glowing golden altar of the Shining One.
  2938 | D:4      | Reached skill level 6 in Armour
  2938 | D:4      | Reached skill level 5 in Shields
  3127 | D:4      | Found a runed door.
  3130 | D:4      | You fall through a shaft for 2 floors!
  3143 | D:5      | Entered Level 5 of the Dungeon
  3147 | D:5      | Reached XP level 7. HP: 32/61 MP: 3/3
  3335 | D:5      | Found a snail-covered altar of Cheibriados.
  3399 | D:5      | Found a staircase to the Ecumenical Temple.
  3409 | Temple   | Entered the Ecumenical Temple
  3753 | D:5      | Killed from afar by an orc priest

Action                   |  1- 3 |  4- 6 |  7- 9 || total
-------------------------+-------+-------+-------++-------
Melee: Long sword        |    82 |   167 |    75 ||   324
  Use: Scroll            |     4 |     3 |       ||     7
       Potion            |       |     2 |     1 ||     3
  Eat: Chunk             |       |     7 |     2 ||     9
